 Dungeon Crawl Stone Soup version 0.29-a0-330-g52719c12eb (webtiles) character file.

Game seed: 13556989061345168473

21 jmlagarto the Sneak (level 2, 0/14 HPs)
             Began as a Felid Delver on Apr 16, 2022.
             Succumbed to an adder's poison
             ... in a sewer.
             The game lasted 00:01:00 (412 turns).

jmlagarto the Sneak (Felid Delver)                   Turns: 412, Time: 00:01:00

Health: 0/14       AC:  1    Str:  8    XL:     2   Next: 65%
Magic:  3/3        EV: 18    Int: 11    God:
Gold:   0          SH:  0    Dex: 17    Spells: 1/1 levels left
                                        Lives:  0   Deaths: 0

rFire   . . .      SeeInvis +     - Unarmed
rCold   . . .      Faith    .   (shield unavailable)
rNeg    . . .      Spirit   .   (body armour unavailable)
rPois   .          Reflect  .   (helmet unavailable)
rElec   .          Harm     .   (cloak unavailable)
rCorr   .          Rampage  .   (gloves unavailable)
Will    .....                   (boots unavailable)
Stlth   ++........              (no amulet)
HPRegen 0.04/turn               (no ring)
MPRegen 0.08/turn               (no ring)

@: lethally poisoned (0 -> -3), very slow
A: very small, claws 1, fangs 3, see invisible, speed 1, shaggy fur 1, stealthy
paws, no weapons or thrown items, no armour, multi-lived
a: no special abilities


You were in a sewer.
You visited 1 branch of the dungeon, and saw 1 of its levels.
You also visited: Sewer.

Inventory:

Wands
 e - a wand of digging (3)
Scrolls
 a - a scroll of fog
 c - a scroll of fear
Potions
 d - a potion of haste


   Skills:
 + Level 3.2 Fighting
 + Level 3.2 Dodging
 + Level 6.9 Stealth
 + Level 2.3 Unarmed Combat


You had one spell level left.
You didn't know any spells.
Your spell library was empty.

Dungeon Overview and Level Annotations

Branches:
Dungeon (5/15)              Sewer (1/1)
 Temple: D:4-7

Altars:


Innate Abilities, Weirdness & Mutations

You have sharp claws.
You have razor-sharp teeth.
You have supernaturally acute eyesight. (SInv)
You cover ground quickly. (Speed+)
You are covered in fur. (AC +1)
Your paws help you pounce on unaware monsters.
You are incapable of wielding weapons or throwing items.
You cannot wear armour.
You gain extra lives every three experience levels.


Message History

You scratch the adder.
The adder is heavily wounded.
The adder barely misses you.
Your unstable footing causes you to fumble your attack.
The adder completely misses you.
You scratch the adder.
The adder is severely wounded.
The adder bites you. The adder misses you.
Your unstable footing causes you to fumble your attack.
The adder bites you.
You are poisoned.
The adder poisons you!
You barely miss the adder. Your bite misses the adder.
The adder is severely wounded.
You feel sick. The adder closely misses you.
Your unstable footing causes you to fumble your attack.
You feel sick. The adder misses you.
You closely miss the adder.
The adder is severely wounded.
You feel sick. The adder bites you.
You are lethally poisoned!
The adder poisons you!
You scratch the adder but do no damage.
The adder is severely wounded.
You feel sick. The adder barely misses you.
Your unstable footing causes you to fumble your attack.
* * * LOW HITPOINT WARNING * * *
You feel sick. The adder bites you but does no damage. The adder bites you.
* * * LOW HITPOINT WARNING * * *
Your unstable footing causes you to fumble your attack.
* * * LOW HITPOINT WARNING * * *
You feel sick. The adder completely misses you.
Your unstable footing causes you to fumble your attack.
* * * LOW HITPOINT WARNING * * *
You feel sick. The adder barely misses you.
Okay, then.
As you read the scroll labelled GUARIABRAEMP, it crumbles to dust.
It is a scroll of identify.
You don't have any unidentified items.
You die...

## ##
#? .#
#≈ ≈#
#≈ ≈#
#≈#S#
#.@≈#
#≈
##≈##
#≈ #≈#
#≈###≈#
#≈≈≈≈≈#
##≈≈≈##
#.≈.#
#.≈.#
.#
##≈≈.#


You could see an adder.

Vanquished Creatures
  An adder (D:5)
  A river rat (D:5)
  A worm (D:5)
3 creatures vanquished.

Notes
Turn   | Place    | Note
-------+----------+-------------------------------------------
     0 | D:5      | jmlagarto the Felid Delver began the quest for the Orb.
     0 | D:5      | Reached XP level 1. HP: 10/10 MP: 2/2
    31 | D:5      | Reached XP level 2. HP: 14/14 MP: 3/3
    35 | D:5      | Found a glowing drain.
   375 | Sewer    | Entered a sewer
   412 | Sewer    | Succumbed to an adder's poison

Illustrated notes

Levels and vault maps discovered:
D:5:      layout_gridville, lightli_sewer_entry_pipes
Sewer:    sewer_co_tree

Skill      XL: |  1 |
---------------+----+-----
Dodging        | 3 |  3.2
Fighting       | |  3.2
Stealth        | |  6.9
Unarmed Combat | |  2.3

Action                   || total
-------------------------++-------
Melee: Unarmed           ||    28
       Bite              ||     3
  Use: Scroll            ||     2
 Stab: Sleeping          ||     1
Armor: Skin              ||     1
Dodge: Dodged            ||    16

Table legend: (Time is in decaauts)
 A = Elapsed time spent in this place.
 B = Non-inter-level travel time spent in this place.
 C = Inter-level travel time spent in this place.
 D = Time resting spent in this place.
 E = Time spent auto-exploring this place.
 F = Levels seen in this place.
 G = Mean time per level.
                   A        B        C        D        E       F      G
               +--------+--------+--------+--------+--------+-----+--------+
         Total |    414 |    414 |      0 |    318 |     19 |   2 |  207.0 |
       Dungeon |    377 |    377 |      0 |    318 |      0 |   1 |  377.0 |
         Sewer |     37 |     37 |      0 |      0 |     19 |   1 |   37.0 |
               +--------+--------+--------+--------+--------+-----+--------+

Top non-repeatable levels by time:
     D:5: 377 daAuts
   Sewer: 37 daAuts
